 Dungeon Crawl Stone Soup version 0.32-a0-450-g080537f31e (webtiles) character file.

Game seed: 9888893541869992877

543 Aldia the Chopper (level 7, -2/55 (58) HPs)
             Began as a Mountain Dwarf Reaver on Feb 24, 2024.
             Killed by divine providence
             ... invoked by an orc priest
              (14 damage)
             ... on level 5 of the Dungeon.
             The game lasted 00:10:53 (4630 turns).

Aldia the Chopper (Mountain Dwarf Reaver)           Turns: 4630, Time: 00:10:53

HP:   -2/55 (58)    AC: 13    Str: 16    XL:     7   Next: 6%
MP:   10/10         EV:  9    Int: 14    God:
Gold: 228           SH:  0    Dex:  8    Spells: 7/10 levels left

rFire   . . .        a - +0 hand axe
rCold   . . .        (no shield)
rNeg    + . .        c - +1 scale mail {rN+}
rPois   .            j - +0 helmet
rElec   .            b - +0 cloak
rCorr   .            g - +0 pair of gloves
SInv    .            i - +2 pair of boots
Will    .....        (no amulet) Stlth
                     (no ring)
HPRegen 0.29/turn    (no ring)
MPRegen 0.12/turn

%: no passive effects
@: drained
A: runic magic, artefact enchanting
a: Convert to Beogh


You were on level 5 of the Dungeon.
You visited 1 branch of the dungeon, and saw 5 of its levels.
You also visited: Ossuary.

You collected 228 gold pieces.

Inventory:

Hand Weapons
 a - a +0 hand axe (weapon)
Armour
 b - a +0 cloak (worn)
 c - a +1 scale mail of positive energy (worn)
 g - a +0 pair of gloves (worn)
 i - a +2 pair of boots (worn)
 j - a +0 helmet (worn)
Wands
 t - a wand of digging (6)
Scrolls
 d - a scroll of noise
 e - a scroll of vulnerability
 f - a scroll of immolation {unknown}
 m - a scroll of teleportation
 q - a scroll of amnesia {unknown}
 r - a scroll of acquirement {unknown}
 u - a scroll of poison {unknown}
 v - a scroll of brand weapon {unknown}
Potions
 h - a potion of mutation
 k - a potion of heal wounds
 l - a potion of enlightenment
 n - a potion of curing {unknown}
 o - a potion of cancellation {unknown}
 p - a potion of magic {unknown}
 w - 2 potions of ambrosia


   Skills:
 + Level 3.9 Fighting
 * Level 7.0 Axes
 - Level 2.0 Armour
 - Level 1.3 Dodging
 - Level 2.0 Spellcasting
 - Level 3.0 Conjurations
 + Level 3.7 Necromancy


You had 7 spell levels left.
You knew the following spells:

 Your Spells              Type           Power      Damage    Failure   Level
a - Kiss of Death         Conj/Necr      40%        2d8       9%          1
b - Momentum Strike       Conj/Tloc      10%        3d8       26%         2

Your spell library contained the following spells:

 Spells                   Type           Power      Damage    Failure   Level
 Hailstorm                Conj/Ice       5%         3d5       45%         3


Dungeon Overview and Level Annotations

Branches:
Dungeon (5/15)            Ossuary (visited)
 Temple: D:4-7

Altars:

Shops:
D:3 ([


Innate Abilities, Weirdness & Mutations

Your spellcasting is much less encumbered by armour.
You can use scrolls of enchantment on lesser artefacts.


Message History

You hit the orc. The orc wizard barely misses you.
The orc hits you but does no damage.
You hit the orc wizard but do no damage.
The orc wizard is heavily wounded.
You hit the orc but do no damage. The orc barely misses you.
The orc wizard points at you and mumbles some strange words.
The magic dart hits you.
You are too injured to fight recklessly!
You are too injured to fight recklessly!
You are too injured to fight recklessly!
You hit the orc.
The orc is severely wounded.
You hit the orc wizard.
An orc priest comes into view. It is wielding a +0 club.
The orc hits you but does no damage.
The orc wizard hits you but does no damage.
The orc priest shouts!
You hit the orc but do no damage.
The orc is severely wounded.
You closely miss the orc wizard.
The orc priest miscasts a cantrip.
The orc hits you but does no damage.
The orc wizard points at you and mumbles some strange words.
You easily resist.
The orc priest threatens, "Beogh's wrath is as vast as their mercy.
Make your choice!" (press Y on the ability menu to convert to Beogh)
The orc priest calls down the wrath of Beogh upon you.
Beogh smites you! The orc wizard casts a spell at you. The magic dart hits you.
* * * LOW HITPOINT WARNING * * *
The orc attacks as it pursues you! The orc hits you but does no damage.
Things that are here:
a +4 falchion of flaming; a +0 ring mail
There is a stone staircase leading up, spattered with blood here.
Unknown command.
Unknown command.
The orc priest mumbles some strange prayers to Beogh against you.
Beogh smites you!
You die...

################
.......oo@.....#
........)......#
...............#
##..###...##..##
#' #...# ..# ..
..... ... .
..o.... ...
...<..... ...


You could see an orc priest, an orc wizard and an orc.

Vanquished Creatures
  A water moccasin (D:4)
  A burial acolyte (Ossuary)
  2 wights (Ossuary)
  A bombardier beetle (D:3)
  Crazy Yiuf (D:3)
  A hound (D:5)
  Natasha (D:2)
  A mummy (Ossuary)
  Robin (D:3)
  2 adders (D:2)
  A dart slug (D:1)
  6 ribbon worms
  3 orcs
  8 bats
  8 endoplasms
  4 giant cockroaches
  16 goblins
  14 hobgoblins
  3 jackals (D:4)
  9 kobolds
  5 quokkas
  4 ball pythons
  2 frilled lizards
  7 gnoll skeletons (Ossuary)
  10 kobold skeletons (Ossuary)
  3 orc skeletons (Ossuary)
  9 rats
124 creatures vanquished.

Notes
Turn   | Place    | Note
-------+----------+-------------------------------------------
     0 | D:1      | Aldia the Mountain Dwarf Reaver began the quest for the
                  | Orb.
     0 | D:1      | Reached XP level 1. HP: 17/17 MP: 3/3
   136 | D:1      | Reached skill level 4 in Axes
   146 | D:1      | Reached XP level 2. HP: 25/25 MP: 4/4
   164 | D:1      | Learned a level 2 spell: Momentum Strike
   386 | D:1      | HP: 1/25 [hobgoblin (4)]
   598 | D:1      | Reached XP level 3. HP: 29/30 MP: 6/6
  1163 | D:2      | Reached skill level 1 in Armour
  1499 | D:2      | Found a faded altar of an unknown god.
  1515 | D:2      | Reached XP level 4. HP: 32/38 MP: 7/7
  2094 | D:2      | Noticed Natasha
  2104 | D:2      | Killed Natasha
  2105 | D:2      | Reached skill level 5 in Axes
  2105 | D:2      | Reached skill level 1 in Necromancy
  2247 | D:3      | Noticed Robin
  2311 | D:3      | Found Rocuol's Weapon Shoppe.
  2502 | D:3      | Reached XP level 5. HP: 40/45 MP: 8/8
  2778 | D:3      | Killed Robin
  2819 | D:3      | Found Talaxt's Armour Boutique.
  2958 | D:3      | Found a runed translucent door.
  2959 | D:3      | Noticed Crazy Yiuf
  2967 | D:3      | HP: 1/38 [Crazy Yiuf/+4 quarterstaff of chaos (2)]
  2968 | D:3      | Killed Crazy Yiuf
  3348 | D:4      | Found a sand-covered staircase.
  3361 | Ossuary  | Entered an ossuary
  3562 | Ossuary  | Reached skill level 6 in Axes
  3562 | Ossuary  | Reached XP level 6. HP: 24/42 MP: 9/9
  4356 | D:5      | Entered Level 5 of the Dungeon
  4364 | D:5      | Noticed a water moccasin
  4395 | D:5      | Noticed a water moccasin
  4421 | D:4      | Killed a water moccasin
  4612 | D:5      | Reached skill level 7 in Axes
  4612 | D:5      | Reached XP level 7. HP: 38/55 MP: 10/10
  4630 | D:5      | Killed from afar by an orc priest

Illustrated notes

Levels and vault maps discovered:
D:1:      roderic_crop_circles_arrival_small, layout_basic, minivault_19
D:2:      layout_loops_corners, nicolae_ecumenical_pavilion, kennysheep_doodads,
          uniq_natasha
D:3:      layout_rooms, serial_shops, nicolae_shop_pleasant_corner_grove,
          nicolae_shop_tiny_real_fake_doors, uniq_robin, uniq_crazy_yiuf_cottage
D:4:      layout_basic, serial_forest, infiniplex_forest_lined_corner,
          infiniplex_forest_lined_3, infiniplex_forest_corner_2,
          infiniplex_forest_clump_small, nicolae_ossuary_entry_monument,
          grunt_ministairs_8
D:5:      layout_gridville, serial_shops, shop, uniq_grinder, uniq_duvessa

Skill      XL: |  1  2  3  4  5  6 |
---------------+-------------------+-----
Axes           | 4 5 6 7 |  7.0
Spellcasting   | 2 |  2.0
Armour         | 1 2 |  2.0
Conjurations   | 3 |  3.0
Fighting       | 3 |  3.9
Necromancy     | 2 3 |  3.7
Dodging        | |  1.3

Action                     |  1- 3 |  4- 6 |  7- 9 || total
---------------------------+-------+-------+-------++-------
  Melee: Hand axe          |   211 |   307 |    14 ||   532
   Cast: Kiss of Death     |       |     4 |       ||     4
    Use: Scroll            |       |     8 |       ||     8
         Potion            |       |     3 |       ||     3
 Armour: Leather armour    |    16 |       |       ||    16
         Scale mail        |   147 |   206 |    13 ||   366
  Dodge: Dodged            |    99 |   130 |    10 ||   239

Table legend: (Time is in decaauts)
 A = Elapsed time spent in this place.
 B = Non-inter-level travel time spent in this place.
 C = Inter-level travel time spent in this place.
 D = Time resting spent in this place.
 E = Time spent auto-exploring this place.
 F = Levels seen in this place.
 G = Mean time per level.
                   A        B        C        D        E       F      G
               +--------+--------+--------+--------+--------+-----+--------+
         Total |   4653 |   4394 |    259 |    344 |   2730 |   6 |  775.5 |
       Dungeon |   4243 |   3984 |    259 |    218 |   2718 |   5 |  848.6 |
       Ossuary |    409 |    409 |      0 |    126 |     12 |   1 |  409.0 |
               +--------+--------+--------+--------+--------+-----+--------+

Top non-repeatable levels by time:
     D:2: 1323 daAuts
     D:4: 1075 daAuts
     D:1: 976 daAuts
     D:3: 825 daAuts
 Ossuary: 409 daAuts
     D:5: 43 daAuts
